 Dungeon Crawl Stone Soup version 0.27.1-4-g1640c2035a (webtiles) character file.

Game seed: 17201636513162825396

43 Crownlay the Chopper (level 3, -3/31 HPs)
             Began as a Hill Orc Fighter on Nov 6, 2021.
             Slain by an iguana (8 damage)
             ... on level 2 of the Dungeon.
             The game lasted 00:01:26 (1583 turns).

Crownlay the Chopper (Hill Orc Fighter)             Turns: 1583, Time: 00:01:26

Health: -3/31      AC:  6    Str: 19    XL:     3   Next: 58%
Magic:  3/3        EV:  9    Int:  8    God:
Gold:   36         SH:  0    Dex: 10    Spells: 2/2 levels left

rFire    . . .     SeeInvis .   a - +0 war axe
rCold    . . .     Faith    .   (no shield)
rNeg     . . .     Spirit   .   b - +0 scale mail
rPois    .         Reflect  .   (no helmet)
rElec    .         Harm     .   (no cloak)
rCorr    .         Rampage  .   (no gloves)
Will     .....                  (no boots)
Stlth    ..........             (no amulet)
HPRegen  0.10/turn              (no ring)
MPRegen  0.08/turn              (no ring)

@: no status effects
A: no striking features
a: no special abilities


You were on level 2 of the Dungeon.
You visited 1 branch of the dungeon, and saw 2 of its levels.

You collected 36 gold pieces.

Inventory:

Hand Weapons
 a - a +0 war axe (weapon)
Armour
 b - a +0 scale mail (worn)
 c - a +0 kite shield
Scrolls
 e - 2 scrolls of identify {unknown}
 g - 2 scrolls of teleportation {unknown}
Potions
 d - a potion of might
 f - a potion of mutation {unknown}
 h - a potion of curing {unknown}


   Skills:
 - Level 3.6 Fighting
 * Level 4.5 Axes
 - Level 3.2 Armour
 + Level 3.9 Shields


You had 2 spell levels left.
You didn't know any spells.
Your spell library was empty.

Dungeon Overview and Level Annotations

Branches:
Dungeon (2/15)

Altars:


Message History

You kill the endoplasm!
No target in view!
No target in view!
No target in view!
HP restored.
You open the door.
There is an open door here.
There is an open door here.
Found a scroll labelled WUVU SOVOGEB.
Found a scroll labelled VOIKIPNAWA.
g - 2 scrolls labelled WUVU SOVOGEB (gained 1)
e - 2 scrolls labelled VOIKIPNAWA (gained 1)
An iguana comes into view.
The iguana hisses angrily.
An iguana is nearby!
An iguana is nearby!
An iguana is nearby!
An iguana is nearby!
Found 14 arrows.
Found a stone staircase leading down.
The iguana bites you!
You hit the iguana but do no damage. The iguana bites you.
The iguana closely misses you.
You are too injured to fight recklessly!
You are too injured to fight recklessly!
You are too injured to fight recklessly!
You are too injured to fight recklessly!
You are too injured to fight recklessly!
You hit the iguana but do no damage. The iguana bites you!
* * * LOW HITPOINT WARNING * * *
You hit the iguana.
The iguana is lightly wounded.
The iguana closely misses you.
You hit the iguana.
The iguana is moderately wounded.
The iguana barely misses you.
You hit the iguana.
The iguana is heavily wounded.
The iguana bites you!
You die...

..##.##...............#
#.##.##...............#
#..#.####.#############
##.#.#....#####........
................>......
.#..##.#.######.....(
.##.##.#.# ....
.##..#.#.#######.#
.###.#.#........@# .#
#...#.........l......
.#
##.†#.........#######
.# #..#.#######.# .#
##.#########.# .#
#...........# ##
##.########.# #..# #.#
##.##


You could see an iguana.

Vanquished Creatures
  3 orcs (D:2)
  5 bats (D:1)
  5 endoplasms
  A giant cockroach (D:1)
  3 goblins
  2 hobgoblins (D:1)
  5 kobolds
  A quokka (D:1)
  6 ball pythons (D:1)
  A frilled lizard (D:1)
  5 rats
37 creatures vanquished.

Vanquished Creatures (others)
  13 demonic plants (D:1)
  A plant (D:1)
  4 withered plants (D:1)
18 creatures vanquished.

Grand Total: 55 creatures vanquished

Notes
Turn   | Place    | Note
-------+----------+-------------------------------------------
     0 | D:1      | Crownlay the Hill Orc Fighter began the quest for the Orb.
     0 | D:1      | Reached XP level 1. HP: 19/19 MP: 1/1
    34 | D:1      | Reached skill level 3 in Axes
   236 | D:1      | Reached XP level 2. HP: 26/26 MP: 2/2
   438 | D:1      | Reached skill level 4 in Axes
   566 | D:1      | Reached XP level 3. HP: 31/31 MP: 3/3
   935 | D:1      | Found a faded altar of an unknown god.
  1583 | D:2      | Slain by an iguana

Illustrated notes

Levels and vault maps discovered:
D:1:      lightli_iron_boxes, layout_basic, shapermc_ecumenical_altar_gd
D:2:      layout_basic, minmay_hexomino_f4

Skill      XL: |  1  2 |
---------------+-------+-----
Axes           | 3 4 |  4.5
Fighting       | |  3.6
Armour         | |  3.2
Shields        | |  3.9

Action                   || total
-------------------------++-------
Melee: War axe           ||   116
Armor: Scale mail        ||    65
Dodge: Dodged            ||    58
